 Dungeon Crawl Stone Soup version 0.30-a0-12-gd8047c6341 (webtiles) character file.

Game seed: 5963576631877264244

128 Newt the Slasher (level 4, -2/33 HPs)
             Began as a Palentonga Monk on Aug 23, 2022.
             Was a Believer of Hepliaklqana.
             Slain by Pikel
             ... wielding a +1 whip of freezing
              (6 damage)
             ... on level 4 of the Dungeon.
             The game lasted 00:03:25 (2339 turns).

Newt the Slasher (Palentonga Monk)                  Turns: 2339, Time: 00:03:25

Health: -2/33      AC:  8    Str: 19    XL:     4   Next: 86%
Magic:  4/4        EV:  5    Int: 10    God:    Hepliaklqana [**....]
Gold:   94         SH:  0    Dex: 12    Spells: 3/3 levels left

rFire   . . .      SeeInvis +    a - +0 falchion
rCold   + . .      Faith    .    g - orb {mayhem}
rNeg    . . .      Spirit   .    f - +1 chain mail
rPois   .          Reflect  .    (no helmet)
rElec   .          Harm     .    (no cloak)
rCorr   .          Rampage  .    (no gloves)
Will    .....                    (no barding)
Stlth   ..........               (no amulet)
HPRegen 0.11/turn                j - ring of protection from cold
MPRegen 0.09/turn                (no ring)

@: confused, ambrosia-drunk
A: reduced essence, large, rugged brown scales 3, see invisible, deformed body,
roll 1, armoured tail
a: Rolling Charge, Renounce Religion, Recall Ancestor, Ancestor Identity


You were on level 4 of the Dungeon.
You worshipped Hepliaklqana.
Hepliaklqana was pleased with you.
You visited 1 branch of the dungeon, and saw 4 of its levels.

You collected 94 gold pieces.

Inventory:

Hand Weapons
 a - a +0 falchion (weapon)
 b - a +0 sling
 q - a +2 dagger of venom
Armour
 f - a +1 chain mail (worn)
 g - an orb of mayhem (worn)
 l - a +0 robe
Jewellery
 h - a ring of fire
 j - a ring of protection from cold (left hand)
Scrolls
 e - a scroll of noise {unknown}
 k - a scroll of teleportation
 r - a scroll of blinking {unknown}
Potions
 d - a potion of haste
 i - a potion of lignification
 m - a potion of mutation {unknown}
 n - 2 potions of heal wounds {unknown}
 o - a potion of curing {unknown}
 p - 2 potions of attraction {unknown}


   Skills:
 - Level 3.0 Fighting
 + Level 5.2 Long Blades
 - Level 2.4 Dodging
 - Level 2.0 Stealth


You had 3 spell levels left.
You didn't know any spells.
Your spell library contained the following spells:

 Spells                   Type           Power      Damage    Failure   Level
 Call Canine Familiar     Summ           0%         N/A       100%        3
 Portal Projectile        Hex/Tloc       0%         N/A       100%        3
 Leda's Liquefaction      Hex/Erth       0%         N/A       100%        4


Dungeon Overview and Level Annotations

Branches:
Dungeon (4/15)
 Temple: D:4-7

Altars:
Hepliaklqana
Sif Muna

Annotations:
D:4 Pikel


Innate Abilities, Weirdness & Mutations

Your life essence is reduced to manifest your ancestor. (-10% HP)
You are completely covered in rugged brown scales. (AC +3, +7% HP)
You have supernaturally acute eyesight. (SInv)
Armour fits poorly on your strangely shaped body.
You can roll at nearby foes to attack.
You have a long armoured tail.


Message History

Pikel seems to slow down.
Pikel hits you but does no damage.
You closely miss Pikel.
Your tail-slap misses Pikel.
Pikel is moderately wounded.
Pikel hits you with a +1 whip of freezing.
You barely miss Pikel. You tail-slap Pikel, but do no damage.
Pikel is moderately wounded.
Thulani gestures at the lemure while chanting.
Pikel resists with some effort.
You hit Pikel.
Pikel is moderately wounded.
Pikel hits you with a +1 whip of freezing.
You hit Pikel. You tail-slap Pikel!
Pikel is severely wounded.
Pikel hits you with a +1 whip of freezing.
Pikel freezes you.
You hit Pikel.
Pikel is severely wounded.
Pikel barely misses you.
You barely miss Pikel.
Pikel is severely wounded.
You hit Pikel but do no damage.
Pikel is severely wounded.
Pikel zaps a wand.
Your mind is blasted!
* * * LOW HITPOINT WARNING * * *
Unknown command.
You are confused.
You feel invigorated.
Pikel is no longer moving slowly.
Pikel barely misses you.
Unknown command.
You completely miss Pikel.
Pikel is severely wounded.
Pikel hits you with a +1 whip of freezing!
* * * LOW HITPOINT WARNING * * *
Pikel freezes you.
* * * LOW HITPOINT WARNING * * *
Unknown command.
You hit Thulani.
Thulani is moderately damaged.
Pikel hits you with a +1 whip of freezing.
You die...

. ##. ##
#########5. .#
#.......#5# .#
#.#####.#5#
.#######.#####.#5#
............##.#K#
.#######.#...#.#@#
.# #.#.#.#.#R# .#
#....[....# ##
###########


You could see the friendly Thulani the hexer, Pikel (ally target) and 4 lemures.

Vanquished Creatures
  2 hounds (D:4)
  2 adders
  A dart slug (D:1)
  2 orcs (D:3)
  4 endoplasms
  4 giant cockroaches (D:1)
  2 goblins
  4 hobgoblins
  2 jackals (D:3)
  A quokka (D:3)
  2 ball pythons (D:1)
  3 bats
  5 frilled lizards
  2 kobolds
  5 rats
41 creatures vanquished.

Vanquished Creatures (collateral kills)
  A ball python (D:3)
  A hobgoblin (D:3)
  2 jackals (D:3)
4 creatures vanquished.

Grand Total: 45 creatures vanquished

Notes
Turn   | Place    | Note
-------+----------+-------------------------------------------
     0 | D:1      | Newt the Palentonga Monk began the quest for the Orb.
     0 | D:1      | Reached XP level 1. HP: 19/19 MP: 1/1
   303 | D:1      | Reached XP level 2. HP: 25/25 MP: 2/2
  1178 | D:1      | Found a faded altar of an unknown god.
  1284 | D:2      | Reached XP level 3. HP: 26/31 MP: 3/3
  1331 | D:2      | You fall into a shaft and drop 1 floor!
  1404 | D:3      | Found a hazy altar of Hepliaklqana.
  1410 | D:3      | Became a worshipper of Hepliaklqana the Forgotten
  1410 | D:3      | Reached * piety under Hepliaklqana
  1410 | D:3      | Reached ** piety under Hepliaklqana
  1436 | D:3      | Remembered your ancestor Thulani as a hexer
  1454 | D:3      | Reached skill level 4 in Long Blades
  1511 | D:3      | Found a shimmering blue altar of Sif Muna.
  2180 | D:4      | Reached XP level 4. HP: 27/33 MP: 4/4
  2251 | D:4      | Reached skill level 5 in Long Blades
  2319 | D:4      | Noticed Pikel
  2319 | D:4      | Noticed a lemure
  2319 | D:4      | Noticed a lemure
  2320 | D:4      | Noticed a lemure
  2320 | D:4      | Noticed a lemure
  2338 | D:4      | HP: 1/33 [Pikel/+1 whip of freezing (1)]
  2339 | D:4      | Slain by Pikel

Illustrated notes

Levels and vault maps discovered:
D:1:      lightli_arrival_boilingwater, layout_basic,
          shapermc_ecumenical_altar_mp_vishouse, roderic_roman_lattice,
          st_stairs_8
D:2:      layout_loops_corners, basic_altar, minmay_strange_pillars,
          minmay_pentomino_t2, uniq_sigmund
D:3:      layout_loops_corners, mainiacjoe_overflow_alcove_1,
          mainiacjoe_overflow_tiny_flanked, wad_floor_pattern_2
D:4:      layout_loops_cross, minmay_misc_feat_x, uniq_pikel

Skill      XL: |  1  2  3  4 |
---------------+-------------+-----
Stealth        | 2 |  2.0
Long Blades    | 4 5 |  5.2
Fighting       | |  3.0
Dodging        | |  2.4

Action                   |  1- 3 |  4- 6 || total
-------------------------+-------+-------++-------
Melee: Falchion          |    92 |    23 ||   115
       Tailslap          |    10 |     5 ||    15
 Fire: Sling             |    18 |       ||    18
Invok: Ancestor Life: He |     1 |       ||     1
 Abil: Rolling Charge    |    16 |     1 ||    17
  Use: Scroll            |     5 |       ||     5
       Potion            |       |     1 ||     1
 Stab: Sleeping          |     4 |       ||     4
       Distracted        |     1 |       ||     1
       Confused          |       |     1 ||     1
Armor: Robe              |    26 |       ||    26
       Chain mail        |    11 |     5 ||    16
Dodge: Dodged            |    28 |     3 ||    31

Table legend: (Time is in decaauts)
 A = Elapsed time spent in this place.
 B = Non-inter-level travel time spent in this place.
 C = Inter-level travel time spent in this place.
 D = Time resting spent in this place.
 E = Time spent auto-exploring this place.
 F = Levels seen in this place.
 G = Mean time per level.
                   A        B        C        D        E       F      G
               +--------+--------+--------+--------+--------+-----+--------+
         Total |   2358 |   2259 |     99 |      0 |   1916 |   4 |  589.5 |
       Dungeon |   2358 |   2259 |     99 |      0 |   1916 |   4 |  589.5 |
               +--------+--------+--------+--------+--------+-----+--------+

Top non-repeatable levels by time:
     D:1: 1277 daAuts
     D:3: 807 daAuts
     D:4: 210 daAuts
     D:2: 63 daAuts
